 Dungeon Crawl Stone Soup version 0.26.1-11-gd32895ea62 (webtiles) character file.

Game seed: 7549668113586490396

1087 DildoBatman the Magician (level 8, -4/58 HPs)
             Began as a Formicid Conjurer on July 14, 2021.
             Slain by Duvessa
             ... wielding a +2 rapier of electrocution
              (16 damage)
             ... on level 5 of the Dungeon.
             The game lasted 00:16:26 (4977 turns).

DildoBatman the Magician (Formicid Conjurer)        Turns: 4977, Time: 00:16:27

Health: -4/58      AC:  8    Str: 11    XL:     8   Next: 56%
Magic:  18/18      EV: 11    Int: 25    God:
Gold:   299        SH:  0    Dex: 11    Spells: 18/21 levels left

rFire    . . .     SeeInvis +   a - +2 dagger (venom)
rCold    . . .     Faith    .   (no shield)
rNeg     . . .     Spirit   .   r - +3 leather armour
rPois    .         Reflect  .   (helmet unavailable)
rElec    .         Harm     .   (no cloak)
rCorr    .         Rampage  .   p - +0 pair of gloves
Will     .....                  o - +0 pair of boots
Stlth    ++........             (no amulet)
HPRegen  0.19/turn              n - ring of wizardry
MPRegen  0.16/turn              t - +6 ring of intelligence

@: no status effects
A: permanent stasis, dig shafts and tunnels, four strong arms, antennae 3
a: Dig, Shaft Self


You were on level 5 of the Dungeon.
You visited 1 branch of the dungeon, and saw 6 of its levels.

You collected 299 gold pieces.

Inventory:

Hand Weapons
 a - a +2 dagger of venom (weapon)
 b - a +0 hunting sling of freezing
 d - a +0 vampiric lajatang
 z - the +3 dagger "Baciad" {antimagic, Stlth+}
   (You found it on level 6 of the Dungeon)

   It reduces the magical energy of the wielder, and disrupts the spells and
   magical abilities of those hit.
   Natural abilities and divine invocations are not affected.
   It makes you more stealthy.
Missiles
 f - 239 stones
 h - 101 arrows
 k - 8 javelins
 s - 32 poisoned darts
 C - 94 sling bullets
Armour
 o - a +0 pair of boots (worn)
 p - a +0 pair of gloves (worn)
 r - a +3 leather armour (worn)
Jewellery
 n - a ring of wizardry (left hand)
 t - a +6 ring of intelligence (right hand)
Scrolls
 m - a scroll of enchant armour {unknown}
 u - 3 scrolls of enchant weapon
 v - a scroll of immolation {unknown}
 w - 2 scrolls of amnesia
 x - 3 scrolls of remove curse
 y - a scroll of magic mapping {unknown}
 B - a scroll of fear {unknown}
Potions
 c - a potion of ambrosia {unknown}
 e - 2 potions of curing {unknown}
 g - a potion of degeneration {unknown}
 i - 2 potions of flight {unknown}
 j - 4 potions of attraction {unknown}
 l - a potion of resistance {unknown}
 q - a potion of lignification {unknown}


   Skills:
 * Level 3.1 Fighting
 * Level 3.1 Armour
 - Level 1.7 Dodging
 - Level 2.4 Stealth
 - Level 7.0 Spellcasting
 - Level 6.0 Conjurations


You had 18 spell levels left.
You knew the following spells:

 Your Spells              Type           Power        Failure   Level
a - Searing Ray           Conj           76%          1%          2
c - Magic Dart            Conj           100%         1%          1

Your spell library contained the following spells:

 Spells                   Type           Power        Failure   Level
 Dazzling Flash           Conj/Hex       46%          3%          3
 Fulminant Prism          Conj/Hex       11%          10%         4
 Iskenderun's Mystic Bla  Conj/Tloc      23%          10%         4


Dungeon Overview and Level Annotations

Branches:
Dungeon (6/15)
 Temple: D:4-7

Altars:
Ru

Annotations:
D:2 Jessica
D:3 exclusions: orc priest, phantom, sensed monster (detected) and 1 more exclusion
D:4 1 exclusion
D:5 Dowan, Duvessa
D:6 exclusion: sensed monster (detected), Prince Ribbit


Innate Abilities, Weirdness & Mutations

You cannot be hasted, slowed, berserked, paralysed or teleported.
You can dig through walls and to a lower floor.
Your four strong arms can wield two-handed weapons with a shield.
You have a pair of large antennae on your head. (SInv)


Message History

You are electrocuted!
You dig through the rock wall.
Dowan zaps a wand.
You easily resist.
Duvessa hits you with a +2 rapier of electrocution.
You retract your mandibles.
You extend your mandibles.
You dig through the rock wall.
You retract your mandibles.
You extend your mandibles.
You dig through the rock wall.
Duvessa barely misses you.
You retract your mandibles.
Duvessa hits you with a +2 rapier of electrocution.
You are electrocuted!
Duvessa says, "My weaknesses are his strengths!"
Duvessa hits you with a +2 rapier of electrocution.
Duvessa hits you with a +2 rapier of electrocution!
You are electrocuted!
You die...

...........#..######......##
..........................##
##...........#.##.##.......#
########..#..####.........#
#......#.#.# #e#...^...#
#.####.#...####.##.....##
#.# #..>..##.o.##....## #.#
##)....#e####.#### ####.#
##.#....#@# #.#
..#..###)##......# #o#
....###)###......# #.#
#......## ##.....####.#
.....#######..........#
##.#.####.........#####
##.#......#..#....###
.........)..##......#
......###....#......###


You could see Duvessa (fast), an orc warrior and Dowan.

Vanquished Creatures
  4 ogres
  A centaur (D:5)
  A howler monkey (D:4)
  A bullfrog zombie (D:5)
  A hound (D:5)
  4 orc priests
  A gnoll shaman (D:5)
  An iguana (D:5)
  4 orc wizards
  3 worker ants
  4 gnolls (D:5)
  4 adders
  A white imp (D:6)
  2 oozes
  An adder skeleton (D:5)
  3 worms
  A leopard gecko (D:5)
  14 orcs
  9 bats
  4 giant cockroaches
  7 goblins
  9 hobgoblins
  10 jackals
  5 quokkas
  3 ball pythons
  5 frilled lizards
  8 kobolds
  8 rats
119 creatures vanquished.

Notes
Turn   | Place    | Note
-------+----------+-------------------------------------------
     0 | D:1      | DildoBatman the Formicid Conjurer began the quest for the
                  | Orb.
     0 | D:1      | Reached XP level 1. HP: 13/13 MP: 3/3
   242 | D:1      | Reached XP level 2. HP: 15/19 MP: 0/5
   300 | D:1      | Learned a level 2 spell: Searing Ray
   486 | D:1      | Reached XP level 3. HP: 24/24 MP: 3/6
  1095 | D:2      | Found a sacrificial altar of Ru.
  1289 | D:2      | Reached XP level 4. HP: 27/30 MP: 3/7
  1388 | D:2      | Reached skill level 5 in Conjurations
  2173 | D:3      | Reached XP level 5. HP: 35/35 MP: 8/8
  2337 | D:3      | Noticed Jessica
  2807 | D:4      | Noticed an ogre
  2811 | D:4      | Killed an ogre
  2812 | D:4      | Reached XP level 6. HP: 18/42 MP: 2/9
  2815 | D:4      | Reached skill level 1 in Fighting
  2815 | D:4      | Reached skill level 1 in Armour
  3190 | D:4      | Reached skill level 3 in Spellcasting
  3445 | D:5      | Entered Level 5 of the Dungeon
  3494 | D:5      | Reached XP level 7. HP: 50/50 MP: 4/12
  3531 | D:5      | Reached skill level 4 in Spellcasting
  3589 | D:5      | Noticed Dowan
  3612 | D:5      | Reached skill level 5 in Spellcasting
  3761 | D:5      | Reached skill level 6 in Spellcasting
  3761 | D:5      | Reached XP level 8. HP: 37/56 MP: 10/17
  4097 | D:5      | Reached skill level 7 in Spellcasting
  4324 | D:5      | Noticed Duvessa
  4578 | D:6      | Noticed Prince Ribbit
  4640 | D:6      | Got a faintly glowing dagger
  4641 | D:6      | Identified the +3 dagger "Baciad" {antimagic, Stlth+} (You
                  | found it on level 6 of the Dungeon)
  4977 | D:5      | Slain by Duvessa

Illustrated notes

Levels and vault maps discovered:
D:1:      dpeg_arrival_windows_large_door, layout_basic, st_stairs_5,
          serial_park_tiny_1
D:2:      minmay_inner_zag, layout_basic, nicolae_ru_sacrificial_ziggurat
D:3:      layout_loops_ring, uniq_jessica
D:4:      layout_rooms
D:5:      layout_rooms, uniq_duvessa
D:6:      layout_rooms, uniq_prince_ribbit1

Skill      XL: |  1  2  3  4  5  6  7  8 |
---------------+-------------------------+-----
Conjurations   | 4 5 6 |  6.0
Fighting       | 2 3 |  3.1
Armour         | 2 3 |  3.1
Spellcasting   | 3 6 7 |  7.0
Dodging        | |  1.7
Stealth        | |  2.4

Action                   |  1- 3 |  4- 6 |  7- 9 || total
-------------------------+-------+-------+-------++-------
Melee: Dagger            |    20 |       |     9 ||    29
       Lajatang          |    14 |    27 |    12 ||    53
 Fire: Hunting sling     |     7 |    61 |    49 ||   117
 Cast: Magic Dart        |    12 |       |     6 ||    18
       Searing Ray       |    13 |    27 |    20 ||    60
 Abil: Dig               |     7 |     3 |    12 ||    22
  Use: Scroll            |       |     5 |     1 ||     6
 Stab: Sleeping          |     2 |       |       ||     2
Armor: Robe              |    12 |     3 |       ||    15
       Leather armour    |       |    22 |    17 ||    39
       Skin              |       |       |     5 ||     5
Dodge: Dodged            |    38 |    28 |    26 ||    92
